 Dungeon Crawl Stone Soup version 0.31-a0-836-g3ceb0a68c4 (webtiles) character file.

Game seed: 14014238722396822035

795 Kurtz the Chopper (level 7, -2/48 HPs)
             Began as an Octopode Fighter on Sept 27, 2023.
             Slain by Grinder (7 damage)
             ... on level 5 of the Dungeon.
             The game lasted 00:02:59 (3321 turns).

Kurtz the Chopper (Octopode Fighter)                Turns: 3321, Time: 00:02:59

Health: -2/48      AC:  5    Str: 21    XL:     7   Next: 89%
Magic:  7/7        EV: 13    Int: 11    God:
Gold:   208        SH:  4    Dex: 13    Spells: 6/6 levels left

rFire   + . .        o - +4 flail (drain)
rCold   . . .        b - +0 buckler
rNeg    . . .        (helmet restricted)
rPois   .            r - amulet of regeneration
rElec   .            n - +6 ring of strength
rCorr   .            (no ring)
SInv    .            (no ring)
Will    .....        (no ring)
Stlth   +++          (no ring)
HPRegen 1.08/turn    (no ring)
MPRegen 0.10/turn    (no ring)
                     (no ring)

%: no passive effects
@: mighty
A: almost no armour, amphibious, 8 rings, camouflage 1, gelatinous body 1,
(nimble swimmer 1), tentacles, iridescent scales 2, fire resistance 1, noise
suppression
a: no special abilities


You were on level 5 of the Dungeon.
You visited 1 branch of the dungeon, and saw 5 of its levels.

You collected 208 gold pieces.

Inventory:

Hand Weapons
 a - a +0 war axe
 o - a +4 flail of draining (weapon)
Armour
 b - a +0 buckler (worn)
Jewellery
 n - a +6 ring of strength (left tentacle)
 r - an amulet of regeneration (around mantle)
Wands
 l - a wand of mindburst (9)
Scrolls
 f - 2 scrolls of identify {unknown}
 i - a scroll of acquirement {unknown}
 j - a scroll of teleportation {unknown}
 k - a scroll of immolation {unknown}
 p - a scroll of fear {unknown}
 q - 2 scrolls of fog {unknown}
 s - a scroll of poison {unknown}
 u - a scroll of enchant weapon {unknown}
Potions
 d - a potion of ambrosia {unknown}
 e - a potion of mutation
 g - 4 potions of curing {unknown}
 h - a potion of enlightenment {unknown}
 m - a potion of haste
 t - a potion of invisibility {unknown}


   Skills:
 * Level 4.2 Fighting
 * Level 7.6 Axes
 - Level 3.0 Dodging
 - Level 4.0 Stealth
 - Level 3.0 Shields


You had 6 spell levels left.
You didn't know any spells.
Your spell library contained the following spells:

 Spells                   Type           Power      Damage    Failure   Level
 Apportation              Tloc           0%         N/A       41%         1
 Jinxbite                 Hex            0%         N/A       54%         2
 Ozocubu's Armour         Ice            0%         N/A       78%         3
 Brom's Barrelling Bould  Conj/Erth      0%         2d3       99%         4
 Alistair's Intoxication  Tmut/Pois      0%         N/A       100%        5
 Fireball                 Conj/Fire      0%         3d3       100%        5
 Iskenderun's Battlesphe  Conj           0%         2d6       100%        5
 Metabolic Englaciation   Hex/Ice        0%         N/A       100%        5
 Conjure Ball Lightning   Conj/Air       0%         3x3d6     100%        6
 Simulacrum               Ice/Necr       0%         N/A       100%        6
 Orb of Destruction       Conj           0%         9d5       100%        7
 Ozocubu's Refrigeration  Ice            0%         4d7       100%        7


Dungeon Overview and Level Annotations

Branches:
Dungeon (5/15)
 Temple: D:4-7

Altars:
Elyvilon
Kikubaaqudgha

Annotations:
D:5 Grinder


Innate Abilities, Weirdness & Mutations

You cannot wear most types of armour.
You are amphibious.
You can wear up to eight rings at the same time.
Your skin changes colour to match your surroundings (Stealth+).
Your rubbery body absorbs attacks. (AC +1, EV +1)
((You are camouflaged when in or above water. (Stealth+)))
You have tentacles for arms and can constrict up to eight enemies at once.
You are mostly covered in iridescent scales. (AC +4)
Your flesh is heat resistant. (rF+)
You passively dampen the noise of your surroundings.


Message History

The arrow hits you!
You feel very mighty all of a sudden.
Grinder blinks!
The centaur unwields a +0 shortbow.
You block the centaur's attack. The centaur misses you. The centaur hits you.
The centaur kicks you.
Unknown command.
You thump the centaur!
The centaur is almost dead.
The centaur misses you. The centaur kicks you. Grinder hits you!
The centaur hits you. You block the centaur's attack.
Unknown command.
You bludgeon Grinder!! You grab Grinder. Your squeeze misses Grinder.
Grinder is heavily wounded.
You constrict Grinder. Grinder closely misses you. The centaur hits you.
* * * LOW HITPOINT WARNING * * *
The centaur kicks you but does no damage.
Unknown command.
It was a potion of mutation.
You feel extremely strange.
You feel your surroundings grow quieter.
Iridescent scales grow over part of your body.
You feel resistant to heat.
Iridescent scales spread over more of your body.
You constrict Grinder. The centaur barely misses you. The centaur kicks you.
* * * LOW HITPOINT WARNING * * *
You block Grinder's attack. The centaur barely misses you. x2
You hit the centaur.
You kill the centaur!
You constrict Grinder.
Grinder says, "There's only one good use for a tongue: cutting it out."
Grinder hits you.
* * * LOW HITPOINT WARNING * * *
You writhe in agony.
* * * LOW HITPOINT WARNING * * *
Grinder gestures at you. You resist with significant effort.
You barely miss Grinder.
Grinder is severely wounded.
You constrict Grinder. Grinder hits you!
You die...
Grinder says, "Now the real fun starts!"

#.........# #.##....
#.........# #.#....#
.........####......#
#..................#
###.#..##.#####.....#
.......)..# ##...##
#########.†### ######
#.......#..# #.....
#.....)@#.## #.####
#.....5.#..##... ###
^..._............ #..
#.......#.###.... # #.#
#.......#.# ... #.##.#
#...?...#.# ## #.....
#########..###########.#
.........### #.#
...##......# #.#


You could see Grinder.

Vanquished Creatures
  Sigmund (D:2)
  A black bear (D:4)
  A centaur (D:5)
  Blork the orc (D:5)
  A gnoll bouda (D:4)
  A hound (D:4)
  An iguana (D:5)
  An orc wizard (D:3)
  Terence (D:3)
  Robin (D:3)
  5 gnolls (D:4)
  10 adders
  2 worms
  2 dart slugs
  10 orcs
  4 bats (D:1)
  10 endoplasms
  2 giant cockroaches (D:4)
  20 goblins
  10 hobgoblins
  3 jackals (D:1)
  A quokka (D:1)
  5 ball pythons
  2 frilled lizards
  A kobold (D:3)
  8 rats
105 creatures vanquished.

Notes
Turn   | Place    | Note
-------+----------+-------------------------------------------
     0 | D:1      | Kurtz the Octopode Fighter began the quest for the Orb.
     0 | D:1      | Reached XP level 1. HP: 16/16 MP: 1/1
   103 | D:1      | Reached XP level 2. HP: 21/21 MP: 2/2
   149 | D:1      | Reached skill level 3 in Axes
   316 | D:1      | Reached XP level 3. HP: 26/26 MP: 3/3
   866 | D:2      | Reached skill level 1 in Stealth
   906 | D:2      | Noticed Sigmund
   923 | D:2      | Killed Sigmund
   924 | D:2      | Reached skill level 5 in Axes
   924 | D:2      | Reached XP level 4. HP: 19/31 MP: 4/4
   924 | D:2      | Reached XP level 5. HP: 22/36 MP: 5/5
  1342 | D:2      | Found a faded altar of an unknown god.
  1768 | D:3      | Noticed Robin
  1783 | D:3      | Reached XP level 6. HP: 41/42 MP: 6/6
  1797 | D:3      | Killed Robin
  1832 | D:3      | Noticed Terence
  1841 | D:3      | Killed Terence
  2544 | D:4      | Reached skill level 6 in Axes
  2708 | D:3      | Reached XP level 7. HP: 16/46 MP: 7/7
  3004 | D:4      | Found an ancient bone altar of Kikubaaqudgha.
  3022 | D:4      | Reached skill level 7 in Axes
  3228 | D:5      | Entered Level 5 of the Dungeon
  3255 | D:5      | Noticed Blork the orc
  3261 | D:5      | Killed Blork the orc
  3312 | D:5      | Found a white marble altar of Elyvilon.
  3313 | D:5      | Noticed Grinder
  3319 | D:5      | Gained mutation: You passively dampen the noise of your
                  | surroundings. [potion of mutation]
  3319 | D:5      | Gained mutation: You are partially covered in iridescent
                  | scales. (AC +2) [potion of mutation]
  3319 | D:5      | Gained mutation: Your flesh is heat resistant. (rF+)
                  | [potion of mutation]
  3319 | D:5      | Gained mutation: You are mostly covered in iridescent
                  | scales. (AC +4) [potion of mutation]
  3321 | D:5      | Slain by Grinder

Illustrated notes

Levels and vault maps discovered:
D:1:      sevenhm_arrival_forest_fort_small_4, layout_loops_ring
D:2:      layout_loops_cross, serial_forest, infiniplex_forest_lined_room_3,
          infiniplex_forest_clump_small, infiniplex_forest_join,
          infiniplex_forest_lined_ring, infiniplex_forest_lined_1,
          infiniplex_forest_end_3, infiniplex_forest_end_1,
          shapermc_ecumenical_altar_notcrosses, uniq_sigmund
D:3:      layout_basic, grunt_decor_one_mirror, uniq_robin, uniq_terence
D:4:      layout_loops_ring, mainiacjoe_overflow_boulevard, nicolae_half_adder
D:5:      layout_loops_cross, lemuel_tele_altar, temple_statues,
          portal_sewer_entry_f, eino_small_chamber_without_monster,
          serial_bayou_lagoon_b, uniq_grinder, uniq_blork_the_orc, uniq_duvessa

Skill      XL: |  1  2  3  4  5  6  7 |
---------------+----------------------+-----
Axes           | 3 5 6 7 |  7.6
Stealth        | 3 4 |  4.0
Fighting       | 4 |  4.2
Dodging        | |  3.0
Shields        | |  3.0

Action                     |  1- 3 |  4- 6 |  7- 9 || total
---------------------------+-------+-------+-------++-------
  Melee: War axe           |    56 |    43 |       ||    99
         Constrict         |    11 |    17 |    13 ||    41
         Tentacles         |    10 |     6 |     6 ||    22
         Flail             |       |    44 |    41 ||    85
         Punch             |       |     1 |       ||     1
    Use: Potion            |     2 |       |     2 ||     4
   Stab: Sleeping          |     6 |    12 |     2 ||    20
         Distracted        |     1 |       |       ||     1
 Armour: Skin              |    22 |    44 |    25 ||    91
  Dodge: Dodged            |    22 |    49 |    27 ||    98
  Block: Buckler           |     4 |    12 |     9 ||    25

Table legend: (Time is in decaauts)
 A = Elapsed time spent in this place.
 B = Non-inter-level travel time spent in this place.
 C = Inter-level travel time spent in this place.
 D = Time resting spent in this place.
 E = Time spent auto-exploring this place.
 F = Levels seen in this place.
 G = Mean time per level.
                   A        B        C        D        E       F      G
               +--------+--------+--------+--------+--------+-----+--------+
         Total |   3355 |   3197 |    158 |    170 |   2354 |   5 |  671.0 |
       Dungeon |   3355 |   3197 |    158 |    170 |   2354 |   5 |  671.0 |
               +--------+--------+--------+--------+--------+-----+--------+

Top non-repeatable levels by time:
     D:1: 860 daAuts
     D:2: 849 daAuts
     D:4: 795 daAuts
     D:3: 754 daAuts
     D:5: 96 daAuts
